Map: [ESL] Alcyone

Players

trigger - Winner!

  • Race: Protoss Protoss
  • Spawn Location: 7:00

SpeCial

  • Race: Terran Terran
  • Spawn Location: 1:00

Event: ESL SC2 Masters 2023 Winter (Regional)

VOD

Have the link to the VOD?

Description

Time

  • Played on: Nov. 12, 2023, 2:04 p.m.
  • Length: 14:27

All games in this series

Show
View Real Time Build Order
Export as new Build Order

trigger Protoss - Winner!

Build Orders: 1 Gate Expand 

Get SALT Encoding   

  12  0:00  Probe  
  13  0:13  Probe  
  14  0:19  Pylon  
  14  0:25  Probe (Chrono Boost)  
  15  0:37  Gateway, Probe (Chrono Boost)  
  16  0:45  Probe (Chrono Boost)  
  16  0:47  Assimilator  
  17  0:51  Probe  
  18  1:03  Probe  
  19  1:20  Nexus  
  19  1:30  Cybernetics Core  
  19  1:34  Probe  
  19  1:38  Assimilator  
  20  1:46  Probe  
  21  1:54  Pylon  
  21  1:58  Probe  
  22  2:06  Warp Gate  
  22  2:09  Adept (Chrono Boost)  
  22  2:10  Probe  
  25  2:22  Probe  
  26  2:29  Stalker (Chrono Boost)  
  26  2:34  Probe x2  
  30  2:46  Probe x2  
  30  2:50  Robotics Facility, Shield Battery  
  32  2:52  Stalker (Chrono Boost)  
  32  2:58  Probe  
  35  3:00  Probe  
  36  3:10  Probe (Chrono Boost)  
  37  3:14  Probe (Chrono Boost)  
  35  3:22  Probe (Chrono Boost)  
  37  3:28  Probe (Chrono Boost)  
  37  3:29  Probe (Chrono Boost)  
  38  3:36  Probe x2  
  38  3:37  Observer (Chrono Boost)  
  41  3:43  Pylon x2  
  41  3:48  Probe  
  42  3:49  Probe  
  42  3:55  Twilight Council  
  42  4:00  Probe  
  42  4:01  Probe  
  42  4:02  Stalker  
  46  4:11  Pylon  
  46  4:12  Probe  
  46  4:13  Probe  
  46  4:14  Gateway  
  48  4:22  Observer  
  49  4:24  Probe  
  49  4:25  Stalker  
  49  4:26  Blink (Chrono Boost)  
  49  4:28  Probe  
  53  4:35  Assimilator  
  53  4:36  Probe  
  54  4:45  Probe  
  54  4:48  Probe  
  55  4:53  Observer, Stalker  
  55  4:58  Nexus  
  55  4:59  Pylon  
  56  5:01  Probe  
  56  5:03  Probe  
  56  5:06  Robotics Bay  
  58  5:08  Assimilator  
  58  5:14  Probe  
  59  5:16  Stalker  
  59  5:17  Probe  
  62  5:21  Stalker  
  62  5:26  Shield Battery  
  65  5:32  Gateway  
  64  5:38  Immortal (Chrono Boost)  
  64  5:40  Shield Battery  
  68  5:44  Sentry  
  70  5:51  Observer, Pylon  
  70  5:55  Probe  
  70  6:08  Colossus (Chrono Boost)  
  70  6:09  Pylon  
  78  6:11  Extended Thermal Lance  
  78  6:12  Probe x2 (Chrono Boost)  
  78  6:14  Probe (Chrono Boost)  
  79  6:19  Stalker  
  79  6:25  Probe x3 (Chrono Boost)  
  84  6:27  Stalker x2  
  88  6:33  Probe  
  88  6:37  Gateway  
  88  6:38  Probe  
  90  6:40  Pylon  
  90  6:42  Probe  
  89  6:48  Probe  
  89  6:49  Colossus (Chrono Boost)  
  89  6:50  Probe  
  89  6:51  Gateway  
  97  7:05  Stalker x3  
  97  7:07  Probe  
  96  7:09  Probe, Pylon  
  97  7:17  Forge  
  97  7:19  Forge  
  97  7:20  Gateway  
  97  7:23  Pylon  
  97  7:27  Pylon, Probe x3  
  100  7:30  Zealot x3  
  100  7:35  Observer (Chrono Boost)  
  107  7:38  Pylon  
  107  7:39  Gateway  
  107  7:41  Gateway  
  107  7:42  Charge  
  107  7:45  Probe x3  
  107  7:47  Assimilator  
  107  7:48  Pylon  
  110  7:56  Stalker x4  
  116  7:59  Stalker  
  116  8:05  Protoss Ground Weapons Level 1 (Chrono Boost), Probe x2  
  119  8:06  Probe  
  119  8:12  Pylon  
  120  8:15  Protoss Ground Armor Level 1 (Chrono Boost)  
  120  8:17  Probe  
  118  8:30  Zealot x6  
  118  8:34  Probe x2  
  129  8:35  Observer (Chrono Boost)  
  129  8:39  Pylon  
  131  8:43  Observer  
  131  8:45  Photon Cannon x2  
  131  8:48  Nexus  
  131  8:51  Observer (Chrono Boost)  
  132  8:59  Zealot x2  
  134  9:03  Shield Battery  
  134  9:04  Photon Cannon  
  134  9:05  Observer  
  134  9:11  Probe  
  134  9:12  Pylon  
  129  9:24  Probe  
  129  9:28  Zealot x8  
  145  9:35  Immortal  
  149  9:38  Probe  
  149  9:39  Probe  
  149  9:44  Templar Archives  
  151  9:45  Robotics Facility  
  151  9:47  Robotics Facility  
  151  9:52  Photon Cannon  
  151  9:55  Probe  
  151  9:56  Pylon  
  152  10:00  Sentry  
  152  10:06  Protoss Ground Weapons Level 2 (Chrono Boost), Protoss Ground Armor Level 2 (Chrono Boost)  
  154  10:13  Assimilator  
  154  10:14  Immortal (Chrono Boost)  
  154  10:18  Assimilator  
  158  10:23  Pylon, Stalker x2  
  158  10:24  Zealot  
  158  10:27  Zealot  
  164  10:34  Zealot x4  
  163  10:40  Probe x2  
  163  10:42  Probe  
  166  10:44  Immortal (Chrono Boost)  
  170  10:51  Immortal (Chrono Boost)  
  170  10:52  Immortal (Chrono Boost)  
  170  10:53  Phoenix  
  170  10:54  Templar Archives  
  170  10:56  Pylon  
  174  10:58  Zealot x3  
  180  11:11  Pylon  
  180  11:15  Colossus (Chrono Boost)  
  186  11:22  Stalker x3  
  186  11:23  Immortal  
  196  11:29  Zealot x3  
  185  11:41  Stalker x2  
  189  11:54  Stalker x5  
  199  12:01  Warp Prism (Chrono Boost)  
  199  12:02  Nexus  
  199  12:03  Pylon  
  170  12:16  Zealot x3  
  150  12:23  Zealot  
  150  12:24  Immortal  
  150  12:25  Immortal  
  160  12:30  Immortal  
  160  12:33  Zealot x4  
  172  12:38  Zealot x3  
  172  12:43  Probe x2  
  170  12:54  Zealot x2, Stalker x3  
  166  13:10  Immortal (Chrono Boost)  
  166  13:11  Zealot x3  
  169  13:15  Zealot x2  
  169  13:18  Zealot x2  
  156  13:21  Probe x2  
  156  13:22  Probe  
  156  13:23  Zealot  
  145  13:33  Stalker x3  
  151  13:37  Zealot x2  
  151  13:39  Zealot  
  151  13:40  Zealot  
  155  13:42  Probe  
  155  13:43  Probe  
  155  13:44  Zealot  
  163  13:52  Immortal (Chrono Boost)  
  163  13:57  Gateway, Zealot x3  
  163  13:58  Gateway  
  161  14:05  Zealot x4  
  149  14:14  Zealot  
Show
View Real Time Build Order
Export as new Build Order

SpeCial Terran 

Build Orders:  

Get SALT Encoding   

  12  0:00  SCV  
  13  0:12  SCV  
  14  0:17  Supply Depot  
  14  0:24  SCV  
  15  0:38  SCV  
  15  0:41  Barracks  
  16  0:46  Refinery  
  16  0:51  SCV  
  16  0:56  Refinery  
  17  1:03  SCV  
  18  1:15  SCV  
  19  1:28  Orbital Command, Reaper  
  20  1:39  Supply Depot  
  20  1:48  Factory  
  20  1:54  SCV  
  21  2:06  Reaper, SCV  
  23  2:18  SCV  
  24  2:24  Command Center  
  24  2:32  Armory  
  24  2:34  SCV  
  25  2:41  Barracks Reactor  
  25  2:47  Barracks  
  25  2:48  Widow Mine  
  27  2:52  SCV  
  28  3:03  Barracks  
  28  3:04  SCV  
  29  3:12  Widow Mine  
  31  3:17  SCV  
  31  3:18  Marine x2  
  31  3:36  Barracks Tech Lab, Widow Mine, SCV  
  34  3:44  Marine x2  
  37  3:48  SCV  
  37  3:56  Marine x2  
  37  3:59  Stimpack  
  37  4:00  SCV  
  37  4:02  Marine  
  37  4:12  SCV  
  37  4:13  Bunker  
  37  4:16  Starport  
  38  4:20  Orbital Command  
  38  4:23  Barracks Tech Lab  
  38  4:24  SCV  
  38  4:27  Marine x2  
  41  4:32  Marauder  
  41  4:36  SCV  
  44  4:38  Supply Depot  
  43  4:46  Combat Shield, Marine x2  
  45  4:55  Starport Reactor  
  45  4:56  SCV  
  45  4:58  SCV  
  46  5:00  Marauder x2  
  46  5:02  Supply Depot  
  50  5:07  Marine x2  
  50  5:08  SCV  
  50  5:10  SCV  
  54  5:16  Supply Depot  
  54  5:24  Marauder x2, SCV x2  
  54  5:25  Engineering Bay  
  60  5:33  Medivac  
  62  5:37  Medivac  
  62  5:39  SCV x2  
  62  5:41  Marine x2  
  62  5:42  Concussive Shells  
  70  5:50  Marauder  
  70  5:52  Supply Depot  
  70  5:58  Refinery  
  70  5:59  Supply Depot  
  70  6:00  Supply Depot  
  70  6:03  SCV x2  
  70  6:04  Terran Infantry Weapons Level 1  
  70  6:13  Marauder  
  70  6:14  Marine x3  
  70  6:15  SCV x2  
  77  6:27  Medivac  
  77  6:29  Widow Mine  
  77  6:31  Marine  
  77  6:32  Command Center  
  82  6:34  Marine x3  
  85  6:40  Refinery  
  84  6:51  Marine x2, Widow Mine  
  84  6:53  Marauder x2  
  92  6:55  SCV x2  
  86  7:09  Marine x2  
  86  7:11  SCV  
  86  7:12  SCV  
  86  7:14  Marauder x2  
  94  7:25  Barracks x2  
  94  7:28  Armory  
  94  7:32  Supply Depot  
  94  7:36  Medivac x2, Marine x2, SCV x2  
  104  7:44  Widow Mine  
  104  7:46  Orbital Command  
  102  7:54  Marine x2, SCV  
  104  8:05  SCV  
  102  8:06  Viking x2, SCV  
  102  8:11  Marine x2, SCV  
  110  8:14  Barracks Reactor, Barracks Tech Lab  
  110  8:16  Terran Infantry Weapons Level 2  
  110  8:17  SCV  
  105  8:28  Marauder, Marine  
  105  8:29  Marine x2  
  105  8:30  Widow Mine  
  105  8:32  SCV  
  105  8:33  SCV x2  
  111  8:37  Medivac x2  
  115  8:45  SCV, Marauder  
  115  8:46  Marauder  
  115  8:47  Marine x2, Supply Depot  
  122  8:49  Marauder  
  124  9:01  Marine  
  124  9:02  Command Center  
  125  9:07  Supply Depot  
  125  9:08  Marine x3, Supply Depot  
  130  9:11  Marauder x3  
  130  9:14  SCV x2  
  130  9:15  SCV  
  132  9:26  SCV, Marine  
  132  9:29  Marine x2  
  132  9:30  Marine  
  135  9:32  Marine  
  135  9:34  Marauder x2  
  135  9:36  Barracks, SCV x2  
  135  9:37  Barracks  
  142  9:39  Barracks  
  142  9:44  Medivac x2  
  146  9:50  Marine x4  
  150  9:56  SCV x3  
  153  10:03  Ghost Academy  
  153  10:09  Marine x4  
  166  10:14  Marauder x3, SCV x3  
  166  10:16  Medivac x2  
  170  10:25  Marine x2  
  170  10:26  Barracks Tech Lab  
  172  10:30  Marine x2  
  170  10:38  Planetary Fortress  
  170  10:40  Marauder, Marine  
  170  10:42  Marauder  
  172  10:43  Marine  
  172  10:46  Terran Infantry Weapons Level 3  
  172  10:51  Missile Turret  
  172  10:54  Barracks Tech Lab, Command Center  
  172  10:55  Barracks Tech Lab  
  172  10:57  Supply Depot  
  172  10:58  Supply Depot  
  172  10:59  Marauder, SCV, Marine x3  
  172  11:00  Ghost, Missile Turret  
  172  11:01  Ghost  
  172  11:02  Ghost  
  172  11:03  SCV x2  
  186  11:05  Missile Turret  
  186  11:08  Refinery x2  
  187  11:11  SCV  
  187  11:15  SCV  
  188  11:19  Marine  
  188  11:22  Medivac x2  
  193  11:31  Marauder, Marine  
  167  11:40  Marauder, Marine x3  
  167  11:41  Marine  
  167  11:42  Marine, Marauder x2  
  167  11:45  SCV  
  167  11:46  SCV x3  
  182  11:50  Marine  
  182  11:53  Marauder  
  181  11:58  Marine x3  
  181  12:00  Marauder x2  
  181  12:01  Fusion Core, Marine  
  188  12:03  Marine  
  188  12:04  Marauder  
  188  12:08  Marine  
  193  12:13  Ghost  
  177  12:15  Marine  
  177  12:16  Marine x2  
  177  12:19  Ghost  
  177  12:21  Marine, Marauder x2  
  165  12:25  Marauder  
  165  12:26  Marine  
  166  12:33  Marine x2  
  166  12:34  Marine  
  171  12:39  Marauder, Supply Depot  
  171  12:42  Marauder x2  
  171  12:43  Marine, Marauder  
  178  12:46  Marine  
  178  12:48  Marauder  
  174  12:51  Marine x3  
  174  12:52  Viking x2  
  153  13:01  Marine, Marauder  
  153  13:03  Marine  
  153  13:04  Marine, Marauder x2  
  158  13:09  Marine x2  
  158  13:10  Marauder  
  158  13:11  Marine  
  152  13:19  Marine  
  119  13:22  Viking x2, Marauder x3  
  119  13:23  Orbital Command  
  119  13:25  Marauder x2  
  125  13:27  Marine x2  
  125  13:31  Marauder  
  125  13:33  Marine  
  121  13:39  Marine  
  114  13:43  Marauder  
  114  13:44  Planetary Fortress, Marauder x2  
  114  13:45  Marine x2  
  114  13:46  Marauder  
  114  13:47  Marauder  
  126  13:51  Marine  
  126  13:52  Viking, Marine  
  130  13:57  Marine  
  130  14:02  Marine x2  
  131  14:04  Marine x3  
  131  14:07  Marine  
  131  14:08  Marine  
Tags
 
Add a new tag
Caveats
  • Supply blocks, unpowered buildings, or Contaminate may cause inaccurate times.
  • Supply counts are checked every 10 seconds.